 Dungeon Crawl Stone Soup version 0.29-a0-397-g846e4a0bbc (webtiles) character file.

Game seed: 5854661139065316793

561 Bruhh the Transmogrifier (level 7, -2/48 HPs)
             Began as a Merfolk Transmuter on May 12, 2022.
             Was an Initiate of Ashenzari.
             Slain by a gnoll sergeant
             ... wielding a +2 spear of distortion
              (9 damage)
             ... on level 5 of the Dungeon.
             The game lasted 00:07:07 (5538 turns).

Bruhh the Transmogrifier (Merfolk Transmuter)       Turns: 5538, Time: 00:07:08

Health: -2/48      AC:  2    Str: 10    XL:     7   Next: 31%
Magic:  8/10       EV: 20    Int: 15    God:    Ashenzari [......]
Gold:   241        SH:  0    Dex: 19    Spells: 6/10 levels left

rFire   . . .      SeeInvis .     - Unarmed
rCold   . . .      Faith    .   (shield currently unavailable)
rNeg    . . .      Spirit   .   (body armour currently unavailable)
rPois   x          Reflect  .   (helmet currently unavailable)
rElec   .          Harm     .   (cloak currently unavailable)
rCorr   .          Rampage  .   (gloves currently unavailable)
Will    .....                   (boots currently unavailable)
Stlth   ++........              (no amulet)
HPRegen 0.16/turn               (no ring)
MPRegen 0.12/turn               (no ring)

@: about to teleport, spider-form (expiring)
A: venomous fangs, tiny, (nimble swimmer 2), (mertail)
a: End Transformation, Renounce Religion


You were on level 5 of the Dungeon.
You worshipped Ashenzari.
Ashenzari was noncommittal.
You were a venomous arachnid creature.
You visited 1 branch of the dungeon, and saw 5 of its levels.

You collected 241 gold pieces.

Inventory:

Armour
 a - a +1 robe (melded)
 j - a +1 helmet (melded)
Jewellery
 n - a ring of poison resistance
 q - an amulet of guardian spirit
Wands
 l - a wand of paralysis (3)
Scrolls
 d - 4 scrolls of teleportation
 e - 9 scrolls of identify {unknown}
 f - a scroll of amnesia {unknown}
 g - a scroll of enchant armour
 i - a scroll of poison {unknown}
 k - 3 scrolls of immolation {unknown}
 o - a scroll of acquirement {unknown}
 p - a scroll of vulnerability {unknown}
Potions
 b - a potion of lignification
 c - 2 potions of haste
 h - a potion of magic {unknown}
 m - a potion of brilliance
 r - a potion of attraction {unknown}
 t - a potion of might {unknown}


   Skills:
 - Level 1.1 Fighting
 - Level 2.6 Dodging
 + Level 6.1 Unarmed Combat
 + Level 2.3 Spellcasting
 - Level 8.0 Transmutations


You had 6 spell levels left.
You knew the following spells:

 Your Spells              Type           Power      Damage    Failure   Level
a - Beastly Appendage     Tmut           50%        N/A       4%          1
b - Spider Form           Tmut/Pois      13%        N/A       30%         3

Your spell library contained the following spells:

 Spells                   Type           Power      Damage    Failure   Level
 Wereblood                Tmut           25%        N/A       6%          2
 Animate Skeleton         Necr           2%         N/A       43%         1
 Apportation              Tloc           2%         N/A       43%         1
 Magic Dart               Conj           4%         1d3       43%         1
 Shock                    Conj/Air       4%         1d3       43%         1
 Summon Small Mammal      Summ           4%         N/A       43%         1
 Searing Ray              Conj           2%         2d4       54%         2
 Ice Form                 Ice/Tmut       13%        N/A       61%         4
 Inner Flame              Hex/Fire       1%         N/A       75%         3
 Swiftness                Air            1%         N/A       75%         3
 Airstrike                Air            0%         N/A       98%         4
 Cause Fear               Hex            0%         N/A       98%         4
 Fulminant Prism          Conj/Hex       0%         3d6       98%         4
 Discord                  Hex            0%         N/A       100%        8


Dungeon Overview and Level Annotations

Branches:
Dungeon (5/15)
 Temple: D:4-7

Altars:
Ashenzari
Ru
The Shining One

Shops:
D:1 (*!?:


Innate Abilities, Weirdness & Mutations

You are a venomous arachnid creature.
You have poisonous fangs.
You are tiny and dextrous.
Your spellcasting is less reliable in this form.
Your armour is entirely melded.
You are incapable of wielding weapons or throwing items.
((You are very nimble when in or above water. (Stealth+, EV+, Speed+++)))
((Your lower body shifts to a powerful aquatic tail in water.))


Message History

The hound bites you. The hound attacks as you move away!
The hound barely misses you. The hound attacks as you move away!
The hound barely misses you. The hound bites you.
The hound attacks as you move away! The hound bites you but does no damage.
The hound closely misses you. The hound misses you.
Casting: Spider Form (dangerous; 13% risk of failure)
Confirm with . or Enter, or press ? or * to list all spells.
You turn into a venomous arachnid creature.
Your +1 helmet melds into your body.
Your +0 robe melds into your body.
The hound bites you. The hound misses you.
You hit the hound but do no damage.
The hound is poisoned.
The hound barely misses you. The hound closely misses you.
The hound attacks as you move away! The hound bites you.
The hound barely misses you. The hound attacks as you move away!
The hound barely misses you. The hound misses you.
The hound attacks as you move away! The hound bites you but does no damage.
The hound barely misses you.
As you read the scroll labelled XULLOR HYCVE, it crumbles to dust.
It is a scroll of enchant armour.
Your +0 robe glows green for a moment.
The hound closely misses you. The hound bites you.
As you read the scroll labelled AMAGEPS GUENI, it crumbles to dust.
You feel strangely unstable.
It was a scroll of teleportation.
The hound barely misses you.
The gnoll sergeant hits you from afar with a +2 spear of distortion!
* * * LOW HITPOINT WARNING * * *
Space warps around you.
* * * LOW HITPOINT WARNING * * *
The hound completely misses you. The hound attacks as you move away!
The hound bites you.
* * * LOW HITPOINT WARNING * * *
Your transformation is almost over.
You feel better. The hound misses you. The hound bites you.
* * * LOW HITPOINT WARNING * * *
The gnoll sergeant hits you from afar with a +2 spear of distortion!
You die...

#.......# #.......# #.......#
##.......# #........# #........#
#))......#
#############g.......###########
..............ghs.............>#
.####.#####.#####'##.######'####
......# #.# #.#..#.....(.#
§≈≈≈..# #g#####.#..#.......#
≈≈...## #.#.....#..........#
...8.# #g#.#####..#..#+#+##
≈≈...######.#...###.)........#
≈≈≈≈.##...#.###...#.##.......#
.....##.#.#.# #...#.##.......#


You could see a gnoll sergeant, a hound (poisoned) and a gnoll.

Vanquished Creatures
  Sigmund (D:3)
  A bullfrog (D:5)
  A necrophage (D:4)
  A scorpion (D:5)
  A jelly (D:5)
  2 iguanas
  An orc wizard (D:5)
  4 adders
  A white imp (D:5)
  2 worms (D:2)
  A dart slug (D:4)
  5 orcs (D:5)
  5 endoplasms
  2 giant cockroaches
  2 goblins (D:2)
  6 hobgoblins
  2 jackals (D:4)
  2 quokkas
  4 ball pythons
  7 bats
  A frilled lizard (D:2)
  5 kobolds
  4 rats
61 creatures vanquished.

Notes
Turn   | Place    | Note
-------+----------+-------------------------------------------
     0 | D:1      | Bruhh the Merfolk Transmuter began the quest for the Orb.
     0 | D:1      | Reached XP level 1. HP: 15/15 MP: 3/3
    32 | D:1      | Found Luyff's Magic Scroll Shoppe.
    39 | D:1      | Found a faded altar of an unknown god.
   113 | D:1      | Found Udy Visk's General Store.
   140 | D:1      | Reached skill level 3 in Transmutations
   168 | D:1      | Found Sonilliw's Distillery.
   197 | D:1      | Found Pasa Giuro's Book Emporium.
   387 | D:1      | Reached XP level 2. HP: 17/21 MP: 3/5
   633 | D:1      | Found Ramemod's Antique Weapon Boutique.
  1460 | D:2      | Reached XP level 3. HP: 21/26 MP: 4/6
  1624 | D:2      | Reached skill level 4 in Transmutations
  2521 | D:3      | Reached XP level 4. HP: 32/32 MP: 5/7
  2894 | D:3      | Noticed Sigmund
  3091 | D:3      | Learned a level 3 spell: Spider Form
  3120 | D:3      | Killed Sigmund
  3121 | D:3      | Reached skill level 5 in Unarmed Combat
  3121 | D:3      | Reached skill level 5 in Transmutations
  3121 | D:3      | Reached XP level 5. HP: 20/37 MP: 4/8
  3121 | D:3      | Reached XP level 6. HP: 23/43 MP: 4/9
  3779 | D:4      | Reached skill level 6 in Transmutations
  3930 | D:4      | Found a glowing golden altar of the Shining One.
  4490 | D:4      | Found a sacrificial altar of Ru.
  4553 | D:4      | Became a worshipper of Ru the Awakened
  4588 | D:5      | Entered Level 5 of the Dungeon
  4993 | D:5      | Reached skill level 7 in Transmutations
  5061 | D:5      | Reached XP level 7. HP: 36/48 MP: 7/10
  5193 | D:5      | Found a broken altar of Ashenzari.
  5228 | D:5      | Reached skill level 8 in Transmutations
  5365 | D:5      | Fell from the grace of Ru
  5365 | D:5      | Became a worshipper of Ashenzari the Shackled
  5538 | D:5      | Slain by a gnoll sergeant

Illustrated notes

Levels and vault maps discovered:
D:1:      minmay_arrival_shattered_statue, layout_loops_ring,
          ebering_ecumenical_altar_mist, serial_shops, nicolae_shop_waterfront,
          shop, nicolae_shop_advertising_works [nicolae_subvault_shop_adworks],
          nicolae_shop_crystal, shop, palyth_stone_intersect
D:2:      layout_loops_ring
D:3:      layout_loops_corners, uniq_sigmund
D:4:      layout_cave_pods, mainiacjoe_overflow_chevrons, kennysheep_mini_moat
D:5:      layout_basic, mainiacjoe_overflow_catwalk, portal_sewer_entry_d

Skill      XL: |  1  2  3  4  5  6  7 |
---------------+----------------------+-----
Transmutations | 3 4 5 7 8 |  8.0
Unarmed Combat | 4 5 6 |  6.1
Fighting       | |  1.1
Dodging        | |  2.6
Spellcasting   | |  2.3

Action                   |  1- 3 |  4- 6 |  7- 9 || total
-------------------------+-------+-------+-------++-------
Melee: Unarmed           |    97 |   101 |    25 ||   223
       Headbutt          |    10 |     4 |       ||    14
       Punch             |     2 |     1 |     2 ||     5
       Tailslap          |       |     1 |       ||     1
 Cast: Beastly Appendage |    21 |    11 |       ||    32
       Spider Form       |       |     7 |     3 ||    10
  Use: Potion            |     2 |     3 |     1 ||     6
       Scroll            |       |       |     2 ||     2
 Stab: Sleeping          |     2 |     3 |       ||     5
Armor: Robe              |    14 |     8 |     3 ||    25
       Skin              |       |     6 |     1 ||     7
Dodge: Dodged            |    61 |    73 |    43 ||   177

Table legend: (Time is in decaauts)
 A = Elapsed time spent in this place.
 B = Non-inter-level travel time spent in this place.
 C = Inter-level travel time spent in this place.
 D = Time resting spent in this place.
 E = Time spent auto-exploring this place.
 F = Levels seen in this place.
 G = Mean time per level.
                   A        B        C        D        E       F      G
               +--------+--------+--------+--------+--------+-----+--------+
         Total |   5494 |   5275 |    219 |    255 |   4321 |   5 | 1098.8 |
       Dungeon |   5494 |   5275 |    219 |    255 |   4321 |   5 | 1098.8 |
               +--------+--------+--------+--------+--------+-----+--------+

Top non-repeatable levels by time:
     D:2: 1337 daAuts
     D:3: 1117 daAuts
     D:4: 1054 daAuts
     D:1: 1042 daAuts
     D:5: 942 daAuts
